 Dungeon Crawl Stone Soup version 0.17-a0-963-gaa5423c (webtiles) character file.

15864 RobertPalmer the Carver (level 12, -3/97 HPs)
             Began as a Naga Chaos Knight on May 7, 2015.
             Slain by an entropy weaver (7 damage)
             ... on level 2 of the Lair of Beasts on May 8, 2015.
             The game lasted 00:43:50 (15279 turns).

RobertPalmer the Carver (Naga Chaos Knight)        Turns: 15279, Time: 00:43:50

Health: -3/97      AC: -8    Str: 17    XL:     12   Next: 31%
Magic:  16/16      EV: 16    Int: 15    God:    Xom [....*.]
Gold:   841        SH:  0    Dex: 15    Spells: 1 memorised, 10 levels left

rFire  + . .     SeeInvis +     a - +1 falchion (chaos)
rCold  . . .     Clarity  +     R - +0 troll leather armour {regen}
rNeg   . . .     SustAb   .     (no shield)
rPois  +         Gourm    .     m - +0 helmet
rElec  .         Spirit   .     S - +2 cloak of Yram {MR+ Int+4 Stlth+}
rCorr  .         Warding  .     l - +0 pair of gloves
rMut   .         Stasis   .     (no barding)
MR     ++...                    (no amulet)
Stlth  ++........               x - ring of protection from fire {rF+, !d}
                                w - ring of invisibility {+Inv, !d}

@: corroded equipment, very slightly contaminated, very slow, very resistant to
hostile enchantments, unstealthy
A: see invisible, clarity, deformed body, dopey 1, low mp 1, poison resistance,
slowness 2, slow metabolism 1, spit poison 2, strong 1, AC +4
a: Spit Poison, Renounce Religion, Evoke Invisibility


You were on level 2 of the Lair of Beasts.
You worshipped Xom.
You were a beloved toy of Xom.
You were not hungry.

You visited 2 branches of the dungeon, and saw 13 of its levels.
You also visited: Ossuary.

You collected 955 gold pieces.
You spent 114 gold pieces at shops.

Inventory:

Hand weapons
 a - a +1 falchion of chaos (weapon)
Missiles
 V - 32 stones (quivered)
Armour
 l - a +0 pair of gloves (worn)
   (You found it on level 4 of the Dungeon)
 m - a +0 helmet (worn)
   (You found it on level 4 of the Dungeon)
 R - a +0 troll leather armour (worn) {regen}
   (You found it on level 9 of the Dungeon)
 S - the +2 cloak of Yram (worn) {MR+ Int+4 Stlth+}
   (You found it on level 10 of the Dungeon)

   It affects your intelligence (+4).
   It affects your resistance to hostile enchantments.
   It makes you more stealthy.
Magical staves
 n - an uncursed staff of earth {unknown}
   (You found it on level 4 of the Dungeon)
Jewellery
 q - an uncursed ring of protection from magic {MR+, !d}
   (You found it on level 4 of the Dungeon)
 w - a ring of invisibility (left hand) {+Inv, !d}
   (You found it on level 7 of the Dungeon)
 x - a ring of protection from fire (right hand) {rF+, !d}
   (You found it on level 7 of the Dungeon)
 y - an uncursed ring of wizardry {Wiz+, !d}
   (You found it on level 7 of the Dungeon)
 N - an uncursed ring of positive energy {unknown}
   (You found it on level 1 of the Lair of Beasts)
 U - a cursed ring of teleportation {+/*tele, !d}
   (You found it on level 1 of the Lair of Beasts)
Magical devices
 f - a wand of flame (14)
   (You found it on level 3 of the Dungeon)
 o - a wand of random effects (31)
   (You found it on level 6 of the Dungeon)
 v - a wand of polymorph (0)
   (You found it on level 10 of the Dungeon)
 O - a wand of confusion (6)
   (You found it on level 8 of the Dungeon)
 W - a wand of polymorph (9)
   (You found it on level 1 of the Lair of Beasts)
Scrolls
 b - 5 scrolls of identify
 e - 7 scrolls of remove curse
 i - 3 scrolls of recharging
 r - a scroll of acquirement {unknown}
 u - a scroll of amnesia
 B - a scroll of fog
 M - 4 scrolls of fear
 P - a scroll of enchant weapon
 Q - a scroll of noise {unknown}
 T - a scroll of vulnerability {unknown}
Potions
 j - 3 potions of cure mutation {!q}
 k - 2 potions of agility
 p - a potion of magic
 s - 2 potions of brilliance {unknown}
 t - a potion of beneficial mutation {unknown}
 z - 2 potions of resistance {unknown}
 A - 4 potions of curing
 E - 3 potions of haste {unknown}
 F - a potion of degeneration {unknown}
 H - a potion of ambrosia {unknown}
 I - a potion of poison {unknown}
 J - 2 potions of heal wounds
 K - a potion of might
Books
 d - a Grand Grimoire {highlevel, unknown}
   (You found it on level 10 of the Dungeon)
 h - a book of Necromancy
   (You found it on level 6 of the Dungeon)
 L - a book of Unlife
   (You found it on level 10 of the Dungeon)
Comestibles
 c - 10 bread rations {@e1}
 g - 7 meat rations {@e2}
 D - 2 fruits
 G - 6 slices of pizza
 X - 9 chunks of flesh {@w0}


   Skills:
 - Level 3.0 Fighting
 - Level 12.4 Long Blades
 - Level 1.5 Armour
 + Level 10.6 Dodging
 - Level 9.0 Evocations


You had 10 spell levels left.
You knew the following spells:

 Your Spells              Type           Power        Failure   Level  Hunger
A - Animate Skeleton      Necr           N/A          34%         1    ##.....


Dungeon Overview and Level Annotations

Branches:
Dungeon (11/15)            Temple (0/1) D:5            Lair (2/8) D:11
    Orc (0/4) D:11

Altars:
Cheibriados
Dithmenos
Elyvilon
Fedhas
Kikubaaqudgha
Makhleb
Nemelex Xobeh
Okawaru
Qazlal
Vehumet
Xom
Beogh

Shops:
D:6 ?[(?:   D:7 ?

Annotations:
D:11 exclusion: Urug, Harold, Urug


Innate Abilities, Weirdness & Mutations

You cannot wear boots.
Your serpentine skin is tough (AC +4).
You have supernaturally acute eyesight.
Armour fits poorly on your strangely shaped body.
Your system is resistant to poisons.
You cover ground very slowly.
You have a slow metabolism.
You can spit poison.
You possess an exceptional clarity of mind.
You are dopey. (Int -2)
Your magical capacity is low (-10% MP).
Your muscles are strong. (Str +2)


Message History

The six-headed hydra bites you but does no damage. x2
You take 30 damage, and have 67/97 hp.
MASSIVE DAMAGE!!
You chop one of the six-headed hydra's heads off!
The five-headed hydra grows two more!
You slash the seven-headed hydra! You hit the seven-headed hydra.
You feel better.
You regained 2 hp, and now have 70/97 hp.
Aim: a seven-headed hydra (lightly wounded, bewildered and confused, chance 30%)
The seven-headed hydra evaporates and reforms as an entropy weaver!
Evoking this partially-identified wand wasted a few charges.
The floor.
Unknown command.
You miss the entropy weaver. You hit the entropy weaver.
The entropy weaver is poisoned.
The entropy weaver barely misses you. x2
The entropy weaver hits you. The entropy weaver misses you.
You take 5 damage, and have 67/97 hp.
You hit the entropy weaver but do no damage.
The entropy weaver closely misses you.
The entropy weaver hits you but does no damage.
The entropy weaver hits you!
The entropy weaver completely misses you.
You take 12 damage, and have 55/97 hp.
You closely miss the entropy weaver. You hit the entropy weaver.
You freeze the entropy weaver. The entropy weaver hits you.
The entropy weaver hits you but does no damage. x3
You take 1 damage, and have 55/97 hp.
You hit the entropy weaver. You burn the entropy weaver.
The entropy weaver misses you.
The entropy weaver hits you but does no damage. x2
The entropy weaver misses you.
You closely miss the entropy weaver.
You hit the entropy weaver but do no damage.
The entropy weaver appears confused.
You hit the entropy weaver.
You freeze the entropy weaver. "The weather's been a little too boring around here."
You hit the entropy weaver but do no damage.
The entropy weaver hits you. The entropy weaver closely misses you.
The entropy weaver closely misses you. The entropy weaver hits you!
You take 18 damage, and have 41/97 hp.
You slash the entropy weaver!
The entropy weaver looks even sicker.
The entropy weaver seems less confused.
The entropy weaver begins to chant a word of entropy!
You hit the entropy weaver but do no damage.
You slash the entropy weaver! You barely miss the entropy weaver.
Your troll leather armour prevents you from hitting the entropy weaver.
You hit the entropy weaver.
You feel better.
The entropy weaver screams the final syllables of the word of entropy!
The word of entropy corrodes your equipment!
You barely miss the entropy weaver. The entropy weaver hits you.
The entropy weaver hits you. x3
* * * LOW HITPOINT WARNING * * *
You take 17 damage, and have 28/97 hp.
Unknown command.
Unknown command.
Okay, then.
Here: an entropy weaver (severely wounded, poisoned, catching its breath)
The floor.
Unknown command.
Aim: an entropy weaver (severely wounded, poisoned, catching its breath, chance 30%)
The entropy weaver easily resists.
This wand has 10 charges left.
The entropy weaver hits you.
* * * LOW HITPOINT WARNING * * *
The entropy weaver hits you!
* * * LOW HITPOINT WARNING * * *
The entropy weaver hits you.
* * * LOW HITPOINT WARNING * * *
The entropy weaver misses you.
You take 19 damage, and have 9/97 hp.
Unknown command.
Read which item? (? for menu, Esc to quit)
Really read
C - a scroll of blinking {!r}?
Blink to where?
You are very lightly contaminated with residual magic.
As you read the scroll of blinking {!r}, it crumbles to dust.
Aim: an entropy weaver (almost dead, poisoned, catching its breath, chance 30%)
The entropy weaver easily resists.
This wand has 9 charges left.
Aim: an entropy weaver (almost dead, poisoned, catching its breath)
The splash of poison hits the entropy weaver.
The entropy weaver appears unharmed.
You feel slightly more hungry.
Aim: an entropy weaver (almost dead, poisoned, catching its breath, chance 30%)
The entropy weaver easily resists.
This wand has 8 charges left.
Aim: an entropy weaver (almost dead, poisoned, chance 30%)
The entropy weaver easily resists.
This wand has 7 charges left.
Aim: an entropy weaver (almost dead, poisoned, chance 30%)
The entropy weaver easily resists.
This wand has 6 charges left.
You hit the entropy weaver but do no damage.
You hit the entropy weaver but do no damage.
You have got your breath back.
The entropy weaver barely misses you.
The entropy weaver completely misses you.
The entropy weaver misses you. The entropy weaver hits you!
* * * LOW HITPOINT WARNING * * *
You take 11 damage, and have 3/97 hp.
Unknown command.
You closely miss the entropy weaver. The entropy weaver closely misses you.
The entropy weaver hits you!
You die...

#....... ##.......
#........ ##........
#......... ###.#.#....
### ##.#..#<....
#..#######P..........
..#.@##P.............
#.....p##...#..........
#...........##.........
#......................
#.........§§...........
#....###.§.§###........
#.... #..§## #........
#.... ##...# #........
##.## #........


You could see an entropy weaver.

Vanquished Creatures
  An anaconda (D:11)
  2 hill giants
  A manticore (D:9)
  A black mamba (Lair:1)
  A spiny frog (Lair:2)
  6 komodo dragons
  2 trolls
  Grinder (D:3)
  A two-headed ogre (D:10)
  6 blink frogs
  6 yaks (D:11)
  A spriggan (Lair:1)
  2 hogs (D:7)
  4 wraiths (D:9)
  A deep elf mage (D:10)
  2 hippogriffs
  A human (D:7)
  A steam dragon (D:11)
  5 water moccasins
  A swamp drake (D:11)
  3 porcupines (Lair:1)
  5 orc warriors
  A phantom (D:6)
  2 ice beasts
  A black bear (D:7)
  The ghost of crauler the Stinger, an average NaVM (D:3)
  6 centaurs
  A big kobold (D:6)
  3 crocodiles
  2 ogres
  10 giant frogs
  3 scorpions
  2 killer bees (D:10)
  13 wights
  An electric eel (D:6)
  2 quasits (D:10)
  5 crimson imps
  5 human zombies (D:9)
  5 orc priests
  3 jellies
  2 centaur skeletons
  A giant frog skeleton (D:7)
  6 orc wizards
  A wasp zombie (D:7)
  7 hounds
  6 worker ants
  4 iguanas
  3 sheep (D:7)
  An ogre zombie (D:9)
  A hound zombie (D:9)
  An ogre skeleton (D:9)
  A worker ant zombie (D:8)
  13 mummies
  Robin (D:3)
  4 gnolls (D:8)
  8 adders
  15 river rats
  4 shadow imps
  A giant eyeball (D:10)
  An adder skeleton (D:4)
  3 worms
  8 giant geckos
  45 orcs
  8 bats
  3 bat skeletons
  27 goblins
  16 hobgoblins
  3 jackals
  2 quokkas (D:3)
  3 ball pythons
  2 giant cockroaches
  A giant gecko zombie (D:8)
  3 giant newts
  A gnoll zombie (Ossuary)
  2 hobgoblin zombies
  13 kobolds
  2 kobold zombies (Ossuary)
  5 orc zombies
  18 rats
  3 ballistomycetes (D:6)
369 creatures vanquished.

Vanquished Creatures (collateral kills)
  A hill giant (D:10)
  A centaur skeleton (D:10)
  A killer bee (D:10)
  A crimson imp (D:10)
  3 orcs (D:11)
  A kobold (D:10)
8 creatures vanquished.

Vanquished Creatures (others)
  2 blink frogs (Lair:2)
  An orc warrior (D:9)
  A crocodile (D:8)
  A shadow imp (D:11)
  A giant spore (D:6)
  6 plants
12 creatures vanquished.

Grand Total: 389 creatures vanquished

Notes
Turn   | Place    | Note
--------------------------------------------------------------
     0 | D:1      | RobertPalmer, the Naga Chaos Knight, began the quest for the Orb.
     0 | D:1      | Reached XP level 1. HP: 21/21 MP: 1/1
   108 | D:1      | Reached XP level 2. HP: 28/28 MP: 2/2
   163 | D:1      | HP: 5/28 [giant gecko (4)]
   287 | D:1      | XOM: silly message
   375 | D:1      | XOM: silly message
   421 | D:1      | XOM: silly message
   436 | D:1      | Reached skill level 4 in Long Blades
   456 | D:1      | Reached XP level 3. HP: 20/34 MP: 3/3
   981 | D:2      | XOM: harmless Pois miscast
   987 | D:2      | XOM is BORED!
   987 | D:2      | XOM: harmless Summ miscast
  1250 | D:2      | XOM: silly message
  1357 | D:2      | XOM: silly message
  1411 | D:3      | XOM: confusion (+ monsters)
  1427 | D:3      | XOM: mild Erth miscast
  1432 | D:3      | Noticed crauler's ghost (average NaVM)
  1469 | D:3      | XOM: medium Conj miscast
  1480 | D:2      | XOM: smoke on damage
  1716 | D:3      | XOM: smoke on damage
  1718 | D:3      | XOM: polymorph adder -> worker ant
  1719 | D:3      | Reached XP level 4. HP: 13/42 MP: 4/4
  1845 | D:2      | Reached skill level 5 in Long Blades
  1948 | D:3      | XOM: 2-stop teleportation journey
  1954 | D:3      | Found a burning altar of Makhleb.
  1973 | D:4      | XOM: smoke on damage
  2227 | D:4      | Reached XP level 5. HP: 49/49 MP: 5/5
  2676 | D:4      | XOM: silly message
  2768 | D:3      | XOM: silly message
  2778 | D:3      | Killed crauler's ghost
  2778 | D:3      | Reached skill level 6 in Long Blades
  2778 | D:3      | Reached XP level 6. HP: 38/56 MP: 6/6
  2880 | D:3      | Noticed Grinder
  2885 | D:3      | XOM: potion effect (curing)
  2892 | D:3      | XOM: harmless Chrm miscast
  2899 | D:3      | Killed Grinder
  2899 | D:3      | Reached skill level 7 in Long Blades
  2899 | D:3      | Reached XP level 7. HP: 50/62 MP: 7/7
  3008 | D:3      | Noticed Robin
  3019 | D:3      | Killed Robin
  3182 | D:5      | Entered Level 5 of the Dungeon
  3316 | D:5      | Found a staircase to the Ecumenical Temple.
  3411 | D:5      | XOM: divination: detect items
  3555 | D:5      | Reached skill level 8 in Long Blades
  3667 | D:5      | XOM: harmless Divn miscast
  3719 | D:5      | XOM: potion effect (berserk rage)
  3835 | D:5      | Reached skill level 9 in Long Blades
  3922 | D:5      | XOM: divination: detect items
  3935 | D:5      | XOM: divination: detect creatures
  4047 | D:5      | Reached skill level 1 in Dodging
  4047 | D:5      | Reached XP level 8. HP: 65/69 MP: 8/8
  4056 | D:5      | XOM: potion effect (brilliance)
  4226 | D:5      | Reached skill level 2 in Dodging
  4273 | D:6      | Found a snail-covered altar of Cheibriados.
  4296 | D:6      | XOM: divination: detect items
  4406 | D:6      | XOM: potion effect (haste)
  4435 | D:6      | Reached skill level 3 in Dodging
  4446 | D:6      | Reached skill level 4 in Dodging
  4464 | D:6      | XOM: potion effect (berserk rage)
  4541 | D:6      | XOM: harmless Ice miscast
  4543 | D:6      | Reached skill level 5 in Dodging
  4550 | D:6      | XOM: harmless Hex miscast
  4577 | D:6      | XOM: divination: detect creatures
  4608 | D:6      | Found Loschez's Weapon Emporium.
  4949 | D:6      | XOM: noise
  4954 | D:6      | Found an iron altar of Okawaru.
  4962 | D:6      | Reached XP level 9. HP: 32/75 MP: 9/9
  4978 | D:6      | Found a blossoming altar of Fedhas.
  4979 | D:6      | Found a sparkling altar of Nemelex Xobeh.
  5003 | D:6      | XOM: colour smoke trail
  5182 | D:6      | Found Qocenu's Magic Scroll Emporium.
  5338 | D:6      | Reached skill level 6 in Dodging
  5425 | D:6      | Found Zuq Osoliu's Book Emporium.
  5435 | D:6      | Learned a level 1 spell: Animate Skeleton
  5520 | D:6      | Found Culysuej's Armour Emporium.
  5527 | D:6      | Found Ozekkok's Magic Scroll Boutique.
  5539 | D:6      | Bought a scroll of identify for 22 gold pieces
  5539 | D:6      | Bought a scroll of identify for 22 gold pieces
  5539 | D:6      | Bought a scroll of identify for 22 gold pieces
  5678 | D:6      | XOM: divination: detect creatures
  5687 | D:6      | XOM: smoke on damage
  5694 | D:6      | HP: 12/75 [electric eel/bolt of electricity (11)]
  5696 | D:6      | HP: 1/75 [electric eel/bolt of electricity (12)]
  5841 | D:6      | XOM: scenery: 1 doors close
  6297 | D:7      | XOM: silly message
  6316 | D:7      | XOM: cast spell 'Olgreb's Toxic Radiance'
  6518 | D:7      | Found Fiawk's Magic Scroll Emporium.
  6535 | D:7      | Bought a scroll of identify for 24 gold pieces
  6535 | D:7      | Bought a scroll of identify for 24 gold pieces
  6547 | D:7      | XOM: divination: magic mapping
  6581 | D:7      | Reached skill level 7 in Dodging
  6769 | D:7      | XOM: harmless Necr miscast
  6781 | D:7      | Reached skill level 8 in Dodging
  6995 | D:7      | XOM: silly message
  7023 | D:7      | XOM: harmless Divn miscast
  7231 | D:8      | XOM: colour smoke trail
  7291 | D:8      | XOM: divination: magic mapping
  7310 | D:8      | XOM: smoke on damage
  7341 | D:8      | Found a sand-covered staircase.
  7345 | Ossuary  | Entered an ossuary
  7558 | Ossuary  | Reached skill level 9 in Dodging
  7695 | Ossuary  | Reached XP level 10. HP: 66/84 MP: 10/10
  7697 | Ossuary  | Reached skill level 1 in Evocations
  7974 | Ossuary  | Gained mutation: Your muscles are strong. (Str +2) [potion of mutation]
  7974 | Ossuary  | Gained mutation: Your magical capacity is low (-10% MP). [potion of mutation]
  7974 | Ossuary  | Gained mutation: You possess an exceptional clarity of mind. [potion of mutation]
  8114 | D:8      | Reached skill level 2 in Evocations
  8136 | D:8      | Reached skill level 3 in Evocations
  8170 | D:8      | XOM: harmless Trmt miscast
  8245 | D:8      | Reached skill level 4 in Evocations
  8702 | D:9      | XOM: confuse monster(s)
  8752 | D:9      | Reached skill level 5 in Evocations
  9104 | D:9      | XOM: stat loss: -1 Dex (12/13)
  9237 | D:9      | XOM: medium Trmt miscast
  9243 | D:9      | Gained mutation: You are dopey. (Int -2) [mutagenic glow]
  9258 | D:9      | Found an ancient bone altar of Kikubaaqudgha.
  9269 | D:9      | Reached skill level 6 in Evocations
  9320 | D:9      | XOM: enchant monster (bad)
  9473 | D:9      | XOM: colour smoke trail
  9514 | D:9      | XOM: severe Necr miscast
  9515 | D:9      | Noticed a soul eater
  9589 | D:9      | Found a shadowy altar of Dithmenos.
  9589 | D:9      | Found a radiant altar of Vehumet.
  9589 | D:9      | Found a stormy altar of Qazlal.
  9592 | D:9      | Noticed a manticore
  9641 | D:9      | Reached skill level 7 in Evocations
  9653 | D:9      | Found a burning altar of Makhleb.
  9653 | D:9      | Found a shimmering altar of Xom.
  9657 | D:9      | XOM: mild Divn miscast
  9703 | D:9      | XOM: blink monster(s)
  9810 | D:9      | Noticed a hill giant
  9821 | D:9      | Killed a hill giant
  9821 | D:9      | Reached skill level 8 in Evocations
  9902 | D:9      | XOM: blink monster(s)
  9915 | D:9      | XOM: chaos cloud
  9917 | D:9      | Paralysed by you for 3 turns
 10037 | D:9      | Killed a manticore
 10037 | D:9      | Reached skill level 9 in Evocations
 10037 | D:9      | Reached XP level 11. HP: 90/90 MP: 14/16
 10132 | D:9      | Found a white marble altar of Elyvilon.
 10193 | D:10     | Entered Level 10 of the Dungeon
 10317 | D:10     | XOM: confuse monster(s)
 10407 | D:10     | Noticed a hill giant
 10430 | D:10     | Killed a hill giant
 10430 | D:10     | Reached skill level 10 in Long Blades
 10502 | D:10     | Noticed a hill giant
 10517 | D:10     | Killed a hill giant
 10539 | D:10     | Got a heavily runed cloak
 10540 | D:10     | Identified the +2 cloak of Yram {MR+ Int+4 Stlth+} (You found it on level 10 of the Dungeon)
 10936 | D:11     | Noticed Maud
 10937 | D:11     | Noticed Maud
 10937 | D:11     | Maud changed into Maud the giant leech
 10938 | D:11     | Maud the giant leech changed into Maud the griffon
 10939 | D:11     | Noticed Maud
 10939 | D:11     | Maud the griffon changed into Maud the anaconda
 10947 | D:11     | XOM: cast spell 'Shadow Creatures'
 10970 | D:11     | Killed Maud the anaconda
 11043 | D:11     | XOM: summons friendly shadow imp
 11064 | D:11     | Reached skill level 11 in Long Blades
 11268 | D:10     | XOM: smoke on damage
 11283 | D:10     | HP: 21/90 [orc warrior/war axe (4)]
 11308 | D:10     | XOM: summons friendly iron imp
 11413 | D:11     | Noticed Erolcha
 11426 | D:11     | Noticed Erolcha
 11426 | D:11     | Erolcha changed into Erolcha the hippogriff
 11434 | D:11     | Killed Erolcha the hippogriff
 11534 | D:11     | XOM: divination: magic mapping
 11541 | D:11     | XOM: confuse monster(s)
 11738 | D:11     | Upgraded the game from 0.17-a0-957-ga3519be to 0.17-a0-963-gaa5423c
 11755 | D:11     | XOM: confuse monster(s)
 11760 | D:11     | XOM: enchant monster (good)
 11801 | D:11     | Reached skill level 12 in Long Blades
 11837 | D:11     | HP: 13/90 [komodo dragon (26)]
 12233 | D:11     | Found a roughly hewn altar of Beogh.
 12233 | D:11     | Found a staircase to the Orcish Mines.
 12405 | D:11     | XOM: harmless Fire miscast
 12460 | D:11     | Noticed Harold
 12460 | D:11     | Noticed Urug
 12497 | D:11     | XOM: divination: detect creatures
 12553 | D:11     | XOM: potion effect (might)
 12603 | D:11     | HP: 15/90 [komodo dragon (18)]
 12671 | D:11     | Found a staircase to the Lair.
 12854 | D:11     | XOM: harmless Tloc miscast
 12886 | Lair:1   | Entered Level 1 of the Lair of Beasts
 13059 | Lair:1   | HP: 20/90 [poisoned by a black mamba]
 13064 | Lair:1   | HP: 12/90 [poisoned by a black mamba]
 13069 | Lair:1   | HP: 9/90 [poisoned by a black mamba]
 13075 | Lair:1   | HP: 8/90 [poisoned by a black mamba]
 13081 | D:11     | HP: 9/90 [poisoned by a black mamba]
 13088 | D:11     | HP: 12/90 [poisoned by a black mamba]
 13096 | D:11     | HP: 15/90 [poisoned by a black mamba]
 13368 | Lair:1   | XOM: confuse monster(s)
 13386 | Lair:1   | XOM: summons 2 friendly demons
 13436 | Lair:1   | XOM: polymorph spiny frog -> spriggan
 13763 | Lair:1   | Reached XP level 12. HP: 49/97 MP: 16/16
 13870 | Lair:1   | XOM: divination: detect items
 14252 | Lair:1   | XOM: fog
 14339 | Lair:1   | XOM: destruction
 14351 | Lair:1   | XOM: enchant monster (good)
 14353 | Lair:1   | XOM: destruction
 14363 | Lair:1   | Reached skill level 10 in Dodging
 14384 | Lair:1   | XOM: divination: detect creatures
 14774 | Lair:2   | XOM: destruction
 14796 | Lair:2   | XOM: potion effect (berserk rage)
 14847 | Lair:2   | XOM: divination: magic mapping
 14900 | Lair:2   | XOM: divine lightning (protected)
 14960 | Lair:2   | XOM: summons 1 hostile demon
 15022 | Lair:2   | XOM: swap monsters
 15241 | Lair:2   | Noticed a four-headed hydra
 15250 | Lair:2   | Noticed an entropy weaver
 15250 | Lair:2   | a seven-headed hydra changed into an entropy weaver
 15260 | Lair:2   | XOM: fog
 15270 | Lair:2   | HP: 24/97 [entropy weaver (4)]
 15270 | Lair:2   | HP: 9/97 [entropy weaver (5)]
 15278 | Lair:2   | HP: 3/97 [entropy weaver (11)]
 15279 | Lair:2   | Slain by an entropy weaver

Action                   |  1- 3 |  4- 6 |  7- 9 | 10-12 || total
-------------------------+-------+-------+-------+-------++-------
Melee: Falchion          |   114 |    90 |   535 |  1287 ||  2026
Throw: Stone             |       |       |       |    24 ||    24
 Abil: Spit Poison       |     6 |     8 |    26 |    40 ||    80
       Evoke Invisibilit |       |       |       |    10 ||    10
Evoke: Wand              |       |     1 |    17 |    46 ||    64
  Use: Potion            |     1 |     3 |     3 |     3 ||    10
       Scroll            |       |     7 |    12 |     6 ||    25
 Stab: Paralysed         |     3 |     4 |     2 |    43 ||    52
       Confused          |     1 |       |     4 |    12 ||    17
       Distracted        |       |     1 |       |     1 ||     2
       Invisible         |       |       |       |    14 ||    14
       Petrifying        |       |       |       |     7 ||     7
       Sleeping          |       |       |       |     3 ||     3
       Petrified         |       |       |       |     2 ||     2
  Eat: Chunk             |     2 |     4 |     9 |    23 ||    38
       Pizza             |       |       |     1 |     2 ||     3
       Bread ration      |       |       |     1 |       ||     1
       Beef jerky        |       |       |       |     4 ||     4
       Royal jelly       |       |       |       |     1 ||     1
       Fruit             |       |       |       |     1 ||     1

Vault maps used:
D:1:      dpeg_arrival_signposts, lexackson_kobold_supper
D:2:      wad_crossroads, first_bread
D:3:      serial_park_square1, uniq_robin, uniq_grinder
D:5:      minmay_temple_entry_statues_fountains, abandoned_shop,
          minmay_stone_trees_small, minmay_misc_feat_room
D:6:      wad_lake_hut, grunt_temple_overflow_open, serial_shops,
          kennysheep_mini, shop_statue, shop_statue, shop_fountains, shop,
          st_stairs_7
D:7:      serial_shops, shop, grunt_livestock
D:8:      nicolae_ossuary_entry_giza, mumra_transporter_accident
D:9:      grunt_temple_overflow_champion_of_chaos,
          gammafunk_temple_overflow_forgotten, lemuel_coloured_pillars_altar,
          lemuel_mausoleum_altar_kikubaaqudgha
D:10:     solitary_fountain
D:11:     erik_lair_dragon, david_orc_5, serial_shops,
          nicolae_shop_overgrown_old_shop, minmay_tree_intersection,
          uniq_harold, uniq_erolcha, uniq_urug, uniq_maud
Lair:1:   serial_bayou_shore_b
Lair:2:   hibernation_bobbens
Ossuary:  ossuary_tomb_3

Table legend:
 A = Turns spent in this place as a percentage of turns spent in the entire game.
 B = Non-inter-level travel turns spent in this place as a percentage of non-inter-level travel turns spent in the entire game.
 C = Inter-level travel turns spent in this place as a percentage of turns spent in this place.
 D = Turns resting spent in this place as a percentage of non-inter-level travel turns spent in this place.
 E = Turns spent auto-exploring this place as a percentage of non-inter-level travel turns spent in this place.
 F = Non-inter-level travel turns spent in this place divided by the number of levels of this place that you've seen.
                   A       B       C       D       E      F
               +-------+-------+-------+-------+-------+----------------------
         Total | 100.0 | 100.0 |   0.4 |   2.3 |   6.4 | 432.0
       Dungeon |  78.9 |  78.9 |   0.5 |   2.3 |   7.2 | 433.7
          Lair |  16.8 |  16.9 |   0.1 |   1.7 |   3.9 | 510.0
       Ossuary |   4.2 |   4.2 |   0.0 |   5.4 |   0.8 | 257.0
               +-------+-------+-------+-------+-------+----------------------

Table legend:
 A = Kills in this place as a percentage of kills in entire the game.
 B = Kills by you in this place as a percentage of kills by you in the entire game.
 C = Kills by friends in this place as a percentage of kills by friends in the entire game.
 D = Other kills in this place as a percentage of other kills in the entire game.
 E = Experience gained in this place as a percentage of experience gained in the entire game.
 F = Experience gained in this place divided by the number of levels of this place that you have seen.
                   A       B       C       D       E      F
               +-------+-------+-------+-------+-------+----------------------
         Total | 100.0 | 100.0 | 100.0 | 100.0 | 100.0 | 1618.9
       Dungeon |  84.8 |  84.8 | 100.0 |  60.0 |  74.8 | 1540.5
          Lair |  10.6 |  10.5 |   0.0 |  40.0 |  24.5 | 2774.0
       Ossuary |   4.5 |   4.7 |   0.0 |   0.0 |   0.8 | 170.0
               +-------+-------+-------+-------+-------+----------------------
